 Dungeon Crawl Stone Soup version 0.21-a0-351-g38363bb (webtiles) character file.

2028 tidbits the Charmwright (level 9, 64/69 HPs)
             Began as a Gnoll Skald on Oct 9, 2017.
             Was a Follower of Makhleb.
             Quit the game on level 8 of the Dungeon.
             The game lasted 00:24:36 (2741 turns).

tidbits the Charmwright (Gnoll Skald)               Turns: 2741, Time: 00:24:36

Health: 64/69      AC:  9    Str: 14    XL:     9   Next: 23%
Magic:  13/27      EV: 10    Int: 18    God:    Makhleb [*.....]
Gold:   159        SH: 13    Dex: 15    Spells: 9/20 levels left

rFire    . . .     SeeInvis +   a - +0 hand axe
rCold    . . .     Gourm    .   S - +0 large shield of Yredelemnul's Favour {rCorr MP+9} (curse)
rNeg     . . .     Faith    .   B - +0 ring mail
rPois    .         Spirit   .   E - +1 helmet
rElec    .         Reflect  .   (no cloak)
rCorr    +         Harm     .   G - +0 pair of gloves
MR       .....                  (no boots)
Stlth    ++........             I - amulet of regeneration
HPRegen  0.61/turn              z - ring of see invisible
MPRegen  0.20/turn              (no ring)

@: singing, very slightly contaminated
A: distributed training, fangs 1, strong nose
a: Renounce Religion


You were on level 8 of the Dungeon.
You worshipped Makhleb.
Makhleb was aware of your devotion.
You were not hungry.

You visited 1 branch of the dungeon, and saw 8 of its levels.

You collected 243 gold pieces.
You spent 84 gold pieces at shops.

Inventory:

Hand Weapons
 a - a +0 hand axe (weapon)
 l - a +0 short sword of venom
   (You found it on level 1 of the Dungeon)
 p - a +0 halberd
 u - a +0 quarterstaff
 J - a +2 dagger of venom
   (You took it off an orc on level 5 of the Dungeon)
 P - a +0 scimitar
Missiles
 j - 31 arrows
 v - 25 stones (quivered)
Armour
 b - a +0 leather armour
 i - a +2 hat
 B - a +0 ring mail (worn)
 E - a +1 helmet (worn)
 G - a +0 pair of gloves (worn)
 S - the cursed +0 large shield of Yredelemnul's Favour (worn) {rCorr MP+9}
   (You found it on level 8 of the Dungeon)

   It affects your magic capacity (+9).
   It protects you from acid and corrosion.
   It has a curse placed upon it.
Magical Staves
 O - an uncursed staff of death {unknown}
   (You found it on level 5 of the Dungeon)
Jewellery
 e - an uncursed ring of teleportation
   (You found it on level 1 of the Dungeon)
 x - an uncursed ring of ice
   (You found it on level 4 of the Dungeon)
 z - a ring of see invisible (left hand)
   (You found it on level 4 of the Dungeon)
 F - an uncursed ring of fire
   (You found it on level 5 of the Dungeon)
 I - an amulet of regeneration (around neck)
   (You found it on level 5 of the Dungeon)
Wands
 y - a wand of disintegration (0/24)
 C - a wand of flame (0/48)
 M - a wand of iceblast (7/15)
Scrolls
 g - 4 scrolls of teleportation
 h - 3 scrolls of immolation
 k - 2 scrolls of amnesia
 n - a scroll of noise
 r - a scroll of magic mapping {unknown}
 t - 3 scrolls of enchant weapon
 H - a scroll of silence {unknown}
 K - a scroll of fog
Potions
 f - 2 potions of agility
 m - a potion of invisibility
 o - a potion of heal wounds
 q - a potion of degeneration {unknown}
 s - a potion of flight {unknown}
 w - 2 potions of magic
 D - a potion of cancellation
 N - 2 potions of brilliance {unknown}
 Q - a potion of lignification {unknown}
 R - 3 potions of curing {unknown}
Books
 c - a book of Battle

   Spells                             Type                      Level
   a - Infusion                       Charms                       1
   b - Shroud of Golubria             Charms/Translocation         2
   c - Song of Slaying                Charms                       2
   d - Spectral Weapon                Hexes/Charms                 3
   e - Regeneration                   Charms/Necromancy            3
Comestibles
 d - 8 bread rations
 A - 6 fruits
 L - 2 royal jellies
 T - 2 chunks of flesh


   Skills:
 + Level 6.1 Fighting
 + Level 4.0 Short Blades
 + Level 4.0 Long Blades
 + Level 6.1 Axes
 + Level 4.0 Maces & Flails
 + Level 4.0 Polearms
 + Level 4.0 Staves
 + Level 4.0 Slings
 + Level 4.0 Bows
 + Level 4.0 Crossbows
 + Level 4.0 Throwing
 + Level 4.8 Armour
 + Level 6.1 Dodging
 + Level 4.0 Stealth
 + Level 4.0 Shields
 + Level 4.0 Unarmed Combat
 + Level 6.4 Spellcasting
 + Level 4.0 Conjurations
 + Level 4.0 Hexes
 + Level 7.7 Charms
 + Level 4.0 Summonings
 + Level 4.0 Necromancy
 + Level 4.0 Translocations
 + Level 4.0 Transmutations
 + Level 4.0 Fire Magic
 + Level 4.0 Ice Magic
 + Level 4.0 Air Magic
 + Level 4.0 Earth Magic
 + Level 4.0 Poison Magic
 + Level 4.0 Invocations
 + Level 4.0 Evocations


You had 9 spell levels left.
You knew the following spells:

 Your Spells              Type           Power        Failure   Level  Hunger
g - Shroud of Golubria    Chrm/Tloc      ####......   41%         2    None
i - Infusion              Chrm           ####         14%         1    None
r - Regeneration          Chrm/Necr      ####......   65%         3    ##.....
w - Spectral Weapon       Hex/Chrm       ####....     65%         3    ##.....
y - Song of Slaying       Chrm           ####....     22%         2    None


Dungeon Overview and Level Annotations

Branches:
Dungeon (8/15)
 Temple: D:4-7         Lair: D:8-11

Altars:
Ashenzari
Makhleb
Qazlal
Sif Muna
Uskayaw
Vehumet

Shops:
D:5 %[?   D:7 (


Innate Abilities, Weirdness & Mutations

Your experience applies equally to all skills.
You have very sharp teeth.
Your uncanny sense of smell can sniff out nearby items.


Message History

Your spectral weapon hits the hound!
You kill the hound!
Makhleb accepts your kill.
You feel better.
Your Short Blades skill increases to level 4!
Your Long Blades skill increases to level 4!
Your Maces & Flails skill increases to level 4!
Your Polearms skill increases to level 4!
Your Staves skill increases to level 4!
Your Slings skill increases to level 4!
Your Bows skill increases to level 4!
Your Crossbows skill increases to level 4!
Your Throwing skill increases to level 4!
Your Stealth skill increases to level 4!
Your Shields skill increases to level 4!
Your Unarmed Combat skill increases to level 4!
Your Conjurations skill increases to level 4!
Your Hexes skill increases to level 4!
Your Summonings skill increases to level 4!
Your Necromancy skill increases to level 4!
Your Translocations skill increases to level 4!
Your Transmutations skill increases to level 4!
Your Fire Magic skill increases to level 4!
Your Ice Magic skill increases to level 4!
Your Air Magic skill increases to level 4!
Your Earth Magic skill increases to level 4!
Your Poison Magic skill increases to level 4!
Your Invocations skill increases to level 4!
Your Evocations skill increases to level 4!
You see here a hound corpse.
You butcher the hound corpse.
Things that are here:
3 chunks of flesh; a hound skeleton Eat one of 3 chunks of flesh? (ye/n/q)
You eat one of the 3 chunks of flesh.
This raw flesh tastes terrible.
T - 2 chunks of flesh A hound comes into view.
An adder zombie comes into view.
Your shield prevents you from hitting the hound.
The hound bites you but does no damage. x2
You closely miss the hound. You block the hound's attack.
The hound closely misses you.
Casting: Spectral Weapon
Confirm with . or Enter, or press ? or * to list all spells.
You start singing a song of slaying.
You block the hound's attack. The hound barely misses you.
You completely miss the hound. The hound bites you but does no damage.
You miss the hound. The hound bites you.
The hound bites you but does no damage.
Your shield prevents you from hitting the hound.
The hound bites you but does no damage. x2
You hit the hound.
The hound is moderately wounded.
You block the hound's attack.
You hit the hound. You bite the hound.
The hound is moderately wounded.
The hound bites you but does no damage. You block the hound's attack.
You hit the hound but do no damage.
The hound is moderately wounded.
The hound bites you. You block the hound's attack.
You hit the hound.
The hound is heavily wounded.
The hound bites you but does no damage.
You closely miss the hound. Your bite misses the hound.
The hound is heavily wounded.
Your spectral weapon fades away.
You block the hound's attack. The hound bites you.
You completely miss the hound.
The hound is heavily wounded.
The leopard gecko hisses angrily.
The hound pauses to sniff the ground.
You block the hound's attack.
You hit the hound.
The hound is severely wounded.
You block the hound's attack. The hound closely misses you.
You closely miss the hound.
The hound is severely wounded.
You block the hound's attack.
You hit the hound.
The hound is severely wounded.
The hound bites you. You block the hound's attack.
An ogre comes into view. It is wielding a giant spiked club.
The ogre shouts!
You block the leopard gecko's attack. The hound closely misses you.
Casting: Song of Slaying
Confirm with . or Enter, or press ? or * to list all spells.
You miscast Spectral Weapon.
Strange energies run through your body. You block the leopard gecko's attack.
The hound bites you but does no damage.
Casting: Spectral Weapon
Confirm with . or Enter, or press ? or * to list all spells.
You miscast Spectral Weapon.
You feel off-balance for a moment. You block the hound's attack.
The leopard gecko bites you. You block the leopard gecko's attack.
The hound bites you but does no damage.
Casting: Spectral Weapon
Confirm with . or Enter, or press ? or * to list all spells.
You miscast Spectral Weapon.
Your skin tingles.
You block the hound's attack.
The leopard gecko bites you but does no damage.
Are you sure you want to abandon this character and quit the game? (Confirm with "yes".)

#.........# ..
##.....###.###.#
#.##.##..#<....# ∆
#<###.#.......###.
#..#.##..)........
#.#.###..O........
#.#<# ###........###
#.#.######÷####.....
#.#.......l@hZ......
.......######.####....#
####.#.# #..# ... #....
....# . #...# ###.##
..#.# #. #..#># #.
...#. #.


You could see an ogre, a hound, an adder zombie and a leopard gecko.

Vanquished Creatures
  A spriggan (D:7)
  Grum (D:7)
  A sky beast (D:5)
  2 phantoms (D:7)
  2 ogres (D:7)
  A wolf (D:7)
  2 big kobolds (D:6)
  A scorpion (D:5)
  A killer bee (D:7)
  6 crimson imps
  3 bullfrog zombies
  An orc priest (D:5)
  8 hounds
  3 orc wizards
  Jessica (D:2)
  2 iguanas
  3 worker ants
  A hound zombie (D:5)
  A hound skeleton (D:7)
  3 gnolls (D:3)
  5 adders
  An ooze (D:4)
  An adder skeleton (D:7)
  A worm (D:5)
  3 dart slugs
  3 leopard geckos
  13 orcs
  7 bats
  3 giant cockroaches
  4 hobgoblins
  8 jackals
  4 quokkas
  A ball python (D:3)
  2 frilled lizards
  3 goblins
  A jackal skeleton (D:6)
  10 kobolds
  6 rats
120 creatures vanquished.

Vanquished Creatures (others)
  6 fungi (D:6)
  9 toadstools (D:6)
15 creatures vanquished.

Grand Total: 135 creatures vanquished

Notes
Turn   | Place    | Note
-------+----------+-------------------------------------------
     0 | D:1      | tidbits the Gnoll Skald began the quest for the Orb.
     0 | D:1      | Reached XP level 1. HP: 20/20 MP: 6/6
   289 | D:2      | Reached XP level 2. HP: 26/26 MP: 4/7
   293 | D:2      | Learned a level 2 spell: Song of Slaying
   296 | D:2      | Learned a level 2 spell: Shroud of Golubria
   319 | D:2      | Noticed Jessica
   340 | D:2      | Killed Jessica
   340 | D:2      | Reached skill level 5 in Spellcasting
   340 | D:2      | Reached XP level 3. HP: 27/31 MP: 0/9
   380 | D:2      | HP: 3/31 [orc (5)]
   381 | D:2      | HP: 1/31 [orc/hand axe (2)]
   388 | D:2      | Learned a level 3 spell: Regeneration
   497 | D:2      | Reached skill level 1 in Short Blades
   497 | D:2      | Reached skill level 1 in Long Blades
   497 | D:2      | Reached skill level 1 in Maces & Flails
   497 | D:2      | Reached skill level 1 in Polearms
   497 | D:2      | Reached skill level 1 in Staves
   497 | D:2      | Reached skill level 1 in Slings
   497 | D:2      | Reached skill level 1 in Bows
   497 | D:2      | Reached skill level 1 in Crossbows
   497 | D:2      | Reached skill level 1 in Throwing
   497 | D:2      | Reached skill level 1 in Stealth
   497 | D:2      | Reached skill level 1 in Shields
   497 | D:2      | Reached skill level 1 in Unarmed Combat
   497 | D:2      | Reached skill level 1 in Conjurations
   497 | D:2      | Reached skill level 1 in Hexes
   497 | D:2      | Reached skill level 1 in Summonings
   497 | D:2      | Reached skill level 1 in Necromancy
   497 | D:2      | Reached skill level 1 in Translocations
   497 | D:2      | Reached skill level 1 in Transmutations
   497 | D:2      | Reached skill level 1 in Fire Magic
   497 | D:2      | Reached skill level 1 in Ice Magic
   497 | D:2      | Reached skill level 1 in Air Magic
   497 | D:2      | Reached skill level 1 in Earth Magic
   497 | D:2      | Reached skill level 1 in Poison Magic
   497 | D:2      | Reached skill level 1 in Invocations
   497 | D:2      | Reached skill level 1 in Evocations
   497 | D:2      | Reached XP level 4. HP: 29/38 MP: 0/11
   509 | D:2      | Learned a level 3 spell: Spectral Weapon
   698 | D:3      | Reached XP level 5. HP: 14/43 MP: 4/12
   734 | D:3      | Found a deep blue altar of Sif Muna.
   914 | D:4      | Reached skill level 3 in Armour
  1008 | D:4      | Noticed an ogre
  1020 | D:4      | Reached XP level 6. HP: 6/50 MP: 3/13
  1155 | D:4      | Found a hide-covered altar of Uskayaw.
  1155 | D:4      | Noticed a dagger
  1155 | D:4      | Noticed a dagger
  1166 | D:4      | Reached skill level 5 in Fighting
  1166 | D:4      | Reached skill level 5 in Axes
  1166 | D:4      | Reached skill level 5 in Dodging
  1194 | D:4      | Found a radiant altar of Vehumet.
  1195 | D:4      | Found a burning altar of Makhleb.
  1207 | D:4      | Reached skill level 2 in Short Blades
  1207 | D:4      | Reached skill level 2 in Long Blades
  1207 | D:4      | Reached skill level 2 in Maces & Flails
  1207 | D:4      | Reached skill level 2 in Polearms
  1207 | D:4      | Reached skill level 2 in Staves
  1207 | D:4      | Reached skill level 2 in Slings
  1207 | D:4      | Reached skill level 2 in Bows
  1207 | D:4      | Reached skill level 2 in Crossbows
  1207 | D:4      | Reached skill level 2 in Throwing
  1207 | D:4      | Reached skill level 2 in Stealth
  1207 | D:4      | Reached skill level 2 in Shields
  1207 | D:4      | Reached skill level 2 in Unarmed Combat
  1207 | D:4      | Reached skill level 2 in Conjurations
  1207 | D:4      | Reached skill level 2 in Hexes
  1207 | D:4      | Reached skill level 2 in Summonings
  1207 | D:4      | Reached skill level 2 in Necromancy
  1207 | D:4      | Reached skill level 2 in Translocations
  1207 | D:4      | Reached skill level 2 in Transmutations
  1207 | D:4      | Reached skill level 2 in Fire Magic
  1207 | D:4      | Reached skill level 2 in Ice Magic
  1207 | D:4      | Reached skill level 2 in Air Magic
  1207 | D:4      | Reached skill level 2 in Earth Magic
  1207 | D:4      | Reached skill level 2 in Poison Magic
  1207 | D:4      | Reached skill level 2 in Invocations
  1207 | D:4      | Reached skill level 2 in Evocations
  1215 | D:4      | Became a worshipper of Makhleb the Destroyer
  1227 | D:5      | Entered Level 5 of the Dungeon
  1227 | D:5      | Found Zutruwegg's Magic Scroll Emporium.
  1235 | D:5      | Bought a scroll of identify for 28 gold pieces
  1235 | D:5      | Bought a scroll of identify for 28 gold pieces
  1235 | D:5      | Bought a scroll of identify for 28 gold pieces
  1339 | D:5      | Found Ufrogul's Armour Shop.
  1344 | D:5      | Found Hisetargh's Food Boutique.
  1390 | D:5      | Reached XP level 7. HP: 19/56 MP: 11/15
  1430 | D:5      | Found a shattered altar of Ashenzari.
  1514 | D:5      | Reached skill level 7 in Charms
  1878 | D:7      | Reached * piety under Makhleb
  1878 | D:7      | Reached XP level 8. HP: 46/63 MP: 13/16
  1897 | D:7      | Found a stormy altar of Qazlal.
  1898 | D:7      | Noticed a water elemental
  1900 | D:7      | Noticed an air elemental
  1983 | D:7      | Found Xowas's Antique Weapon Shop.
  1994 | D:7      | Reached skill level 3 in Short Blades
  1994 | D:7      | Reached skill level 3 in Long Blades
  1994 | D:7      | Reached skill level 3 in Maces & Flails
  1994 | D:7      | Reached skill level 3 in Polearms
  1994 | D:7      | Reached skill level 3 in Staves
  1994 | D:7      | Reached skill level 3 in Slings
  1994 | D:7      | Reached skill level 3 in Bows
  1994 | D:7      | Reached skill level 3 in Crossbows
  1994 | D:7      | Reached skill level 3 in Throwing
  1994 | D:7      | Reached skill level 4 in Armour
  1994 | D:7      | Reached skill level 3 in Stealth
  1994 | D:7      | Reached skill level 3 in Shields
  1994 | D:7      | Reached skill level 3 in Unarmed Combat
  1994 | D:7      | Reached skill level 3 in Conjurations
  1994 | D:7      | Reached skill level 3 in Hexes
  1994 | D:7      | Reached skill level 3 in Summonings
  1994 | D:7      | Reached skill level 3 in Necromancy
  1994 | D:7      | Reached skill level 3 in Translocations
  1994 | D:7      | Reached skill level 3 in Transmutations
  1994 | D:7      | Reached skill level 3 in Fire Magic
  1994 | D:7      | Reached skill level 3 in Ice Magic
  1994 | D:7      | Reached skill level 3 in Air Magic
  1994 | D:7      | Reached skill level 3 in Earth Magic
  1994 | D:7      | Reached skill level 3 in Poison Magic
  1994 | D:7      | Reached skill level 3 in Invocations
  1994 | D:7      | Reached skill level 3 in Evocations
  2080 | D:6      | Reached skill level 6 in Spellcasting
  2150 | D:6      | Noticed a slime creature
  2150 | D:6      | Noticed a slime creature
  2150 | D:6      | Noticed a slime creature
  2394 | D:7      | Noticed a spriggan baker
  2407 | D:7      | Killed a spriggan baker
  2407 | D:7      | Reached XP level 9. HP: 44/69 MP: 11/18
  2450 | D:7      | Reached skill level 6 in Fighting
  2450 | D:7      | Reached skill level 6 in Axes
  2450 | D:7      | Reached skill level 6 in Dodging
  2506 | D:8      | Noticed Grum
  2529 | D:7      | Killed Grum
  2563 | D:8      | Got a brightly glowing large shield
  2574 | D:7      | Identified the cursed +0 large shield of Yredelemnul's Favour {rCorr MP+9} (You found it on level 8 of the Dungeon)
  2715 | D:8      | Reached skill level 4 in Short Blades
  2715 | D:8      | Reached skill level 4 in Long Blades
  2715 | D:8      | Reached skill level 4 in Maces & Flails
  2715 | D:8      | Reached skill level 4 in Polearms
  2715 | D:8      | Reached skill level 4 in Staves
  2715 | D:8      | Reached skill level 4 in Slings
  2715 | D:8      | Reached skill level 4 in Bows
  2715 | D:8      | Reached skill level 4 in Crossbows
  2715 | D:8      | Reached skill level 4 in Throwing
  2715 | D:8      | Reached skill level 4 in Stealth
  2715 | D:8      | Reached skill level 4 in Shields
  2715 | D:8      | Reached skill level 4 in Unarmed Combat
  2715 | D:8      | Reached skill level 4 in Conjurations
  2715 | D:8      | Reached skill level 4 in Hexes
  2715 | D:8      | Reached skill level 4 in Summonings
  2715 | D:8      | Reached skill level 4 in Necromancy
  2715 | D:8      | Reached skill level 4 in Translocations
  2715 | D:8      | Reached skill level 4 in Transmutations
  2715 | D:8      | Reached skill level 4 in Fire Magic
  2715 | D:8      | Reached skill level 4 in Ice Magic
  2715 | D:8      | Reached skill level 4 in Air Magic
  2715 | D:8      | Reached skill level 4 in Earth Magic
  2715 | D:8      | Reached skill level 4 in Poison Magic
  2715 | D:8      | Reached skill level 4 in Invocations
  2715 | D:8      | Reached skill level 4 in Evocations
  2741 | D:8      | Quit the game

Vault maps used:
D:1:      dpeg_arrival_subterranean_lakeside_camping
D:2:      uniq_jessica
D:3:      old_standard_altar
D:4:      grunt_temple_overflow_lords_of_destruction, marbit_many_paths,
          dancing_weapons_uskayaw, first_bread
D:5:      evilmike_ruin_ashenzari, serial_shops, shop, shop, shop
D:6:      cheibrodos_fertilizer, serial_park_tiny_2
D:7:      nicolae_qazlal_style_of_elements, temple_statues, serial_shops,
          shop_fountains, the_bakery
D:8:      elyvilon_altar_1, uniq_prince_ribbit1, uniq_grum

Skill      XL: |  1  2  3  4  5  6  7  8  9 |
---------------+----------------------------+-----
Spellcasting   | 5 6 |  6.4
Short Blades   | 1 2 3 4 |  4.0
Long Blades    | 1 2 3 4 |  4.0
Maces & Flails | 1 2 3 4 |  4.0
Polearms       | 1 2 3 4 |  4.0
Staves         | 1 2 3 4 |  4.0
Slings         | 1 2 3 4 |  4.0
Bows           | 1 2 3 4 |  4.0
Crossbows      | 1 2 3 4 |  4.0
Throwing       | 1 2 3 4 |  4.0
Stealth        | 1 2 3 4 |  4.0
Shields        | 1 2 3 4 |  4.0
Unarmed Combat | 1 2 3 4 |  4.0
Conjurations   | 1 2 3 4 |  4.0
Hexes          | 1 2 3 4 |  4.0
Summonings     | 1 2 3 4 |  4.0
Necromancy     | 1 2 3 4 |  4.0
Translocations | 1 2 3 4 |  4.0
Transmutations | 1 2 3 4 |  4.0
Fire Magic     | 1 2 3 4 |  4.0
Ice Magic      | 1 2 3 4 |  4.0
Air Magic      | 1 2 3 4 |  4.0
Earth Magic    | 1 2 3 4 |  4.0
Poison Magic   | 1 2 3 4 |  4.0
Invocations    | 1 2 3 4 |  4.0
Evocations     | 1 2 3 4 |  4.0
Armour         | 3 4 |  4.8
Fighting       | 5 6 |  6.1
Axes           | 5 6 |  6.1
Dodging        | 5 6 |  6.1
Charms         | 7 |  7.7

Action                   |  1- 3 |  4- 6 |  7- 9 || total
-------------------------+-------+-------+-------++-------
Melee: Hand axe          |    44 |   109 |   215 ||   368
       Bite              |     2 |     9 |    26 ||    37
       Dagger            |       |       |    15 ||    15
       Punch             |       |       |     1 ||     1
 Cast: Infusion          |     6 |       |     2 ||     8
       Song of Slaying   |     3 |     6 |     7 ||    16
       Shroud of Golubri |     1 |     1 |     1 ||     3
       Regeneration      |     2 |     6 |     8 ||    16
       Spectral Weapon   |       |    18 |    20 ||    38
Evoke: Wand              |       |     3 |     3 ||     6
  Use: Scroll            |     5 |     4 |     4 ||    13
 Stab: Sleeping          |       |       |     3 ||     3
       Distracted        |       |       |     2 ||     2
  Eat: Chunk             |       |     4 |     7 ||    11
Armor: Leather armour    |     7 |    19 |       ||    26
       Ring mail         |       |    16 |    94 ||   110
Dodge: Dodged            |    34 |   111 |   143 ||   288
Block: Large shield      |       |       |    22 ||    22

Table legend:
 A = Spawn XP
 B = Non-spawn XP
 C = Spawn XP percentage of total XP
 D = Spawn monster count
 E = Non-spawn monster count
 F = Spawn count percentage of total count
 G = Total turns spent on level
                    A         B        C        D         E        F      G
               +---------+---------+-------+---------+---------+-------+---------
         Total |       0 |    2898 |   0.0 |       0 |     120 |   0.0 |  2741
               +---------+---------+-------+---------+---------+-------+---------
           D:1 |       0 |       8 |   0.0 |       0 |       5 |   0.0 |   299
           D:2 |       0 |     101 |   0.0 |       0 |      22 |   0.0 |   363
           D:3 |       0 |     104 |   0.0 |       0 |      28 |   0.0 |   296
           D:4 |       0 |     291 |   0.0 |       0 |      11 |   0.0 |   271
           D:5 |       0 |     438 |   0.0 |       0 |      12 |   0.0 |   446
           D:6 |       0 |     407 |   0.0 |       0 |      14 |   0.0 |   336
           D:7 |       0 |    1509 |   0.0 |       0 |      27 |   0.0 |   662
           D:8 |       0 |      40 |   0.0 |       0 |       1 |   0.0 |    68
               +---------+---------+-------+---------+---------+-------+---------

Table legend:
 A = Turns spent in this place as a percentage of turns spent in the entire game.
 B = Non-inter-level travel turns spent in this place as a percentage of non-inter-level travel turns spent in the entire game.
 C = Inter-level travel turns spent in this place as a percentage of turns spent in this place.
 D = Turns resting spent in this place as a percentage of non-inter-level travel turns spent in this place.
 E = Turns spent auto-exploring this place as a percentage of non-inter-level travel turns spent in this place.
 F = Non-inter-level travel turns spent in this place divided by the number of levels of this place that you've seen.
                   A       B       C       D       E      F
               +-------+-------+-------+-------+-------+----------------------
         Total | 100.0 | 100.0 |   4.5 |   0.0 |   0.0 | 327.1
       Dungeon | 100.0 | 100.0 |   4.5 |   0.0 |   0.0 | 327.1
               +-------+-------+-------+-------+-------+----------------------

Table legend:
 A = Kills in this place as a percentage of kills in entire the game.
 B = Kills by you in this place as a percentage of kills by you in the entire game.
 C = Kills by friends in this place as a percentage of kills by friends in the entire game.
 D = Other kills in this place as a percentage of other kills in the entire game.
 E = Experience gained in this place as a percentage of experience gained in the entire game.
 F = Experience gained in this place divided by the number of levels of this place that you have seen.
                   A       B       C       D       E      F
               +-------+-------+-------+-------+-------+----------------------
         Total | 100.0 | 100.0 |   N/A |   N/A | 100.0 | 362.2
       Dungeon | 100.0 | 100.0 |   N/A |   N/A | 100.0 | 362.2
               +-------+-------+-------+-------+-------+----------------------

Vault maps used:
D:1:      dpeg_arrival_subterranean_lakeside_camping
D:2:      uniq_jessica
D:3:      old_standard_altar
D:4:      grunt_temple_overflow_lords_of_destruction, marbit_many_paths,
          dancing_weapons_uskayaw, first_bread
D:5:      evilmike_ruin_ashenzari, serial_shops, shop, shop, shop
D:6:      cheibrodos_fertilizer, serial_park_tiny_2
D:7:      nicolae_qazlal_style_of_elements, temple_statues, serial_shops,
          shop_fountains, the_bakery
D:8:      elyvilon_altar_1, uniq_prince_ribbit1, uniq_grum
